PCL
ALBUQUERQUE ISOTOPES @ SANTA MONICA BRUINS
08/04/2023
 
TOP OF THE 1ST
Albuquerque Isotopes batting - Pitching for Santa Monica Bruins : LHP Cobus Human
Pitching: LHP Cobus Human
Batting: SHB José Sosa 0-0: Ball
1-0: Fly out, F9 (Flyball, 9LD)
Batting: RHB Chris Terry 0-0: Ball
1-0: Ball
2-0: Ground out 1-3 (Groundball, 13S)
Batting: RHB Edward Young 0-0: Ball
1-0: Foul Ball, location: 2F
1-1: Swinging Strike
1-2: Strikes out swinging
Top of the 1st over - 0 run(s), 0 hit(s), 0 error(s), 0 left on base; Albuquerque 0 - Santa Monica 0
BOTTOM OF THE 1ST
Santa Monica Bruins batting - Pitching for Albuquerque Isotopes : LHP Cris Quezada
Pitching: LHP Cris Quezada
Batting: RHB Iván De Jesús 0-0: Ball
1-0: Ball
2-0: Called Strike
2-1: Ball
3-1: Foul Ball, location: 2F
3-2: Fly out, F6 (Popup, 6MD)
Batting: RHB Javier Deleón 0-0: Ball
1-0: Swinging Strike
1-1: DOUBLE (Flyball, 8LXD)
Batting: LHB Patrick Osborne 0-0: Swinging Strike
0-1: Ball
1-1: Foul Ball, location: 2F
1-2: Foul Ball, location: 2F
1-2: SINGLE (Groundball, 34D) (infield hit)
Javier Deleón to third
Batting: RHB Motoshige Yagi 0-0: Ball
1-0: Foul Ball, location: 2F
1-1: Swinging Strike
1-2: Foul Ball, location: 2F
1-2: Strikes out swinging
Batting: RHB Danny Crouch 0-0: Ball
Patrick Osborne is caught stealing 2nd base
Bottom of the 1st over - 0 run(s), 2 hit(s), 0 error(s), 0 left on base; Albuquerque 0 - Santa Monica 0
TOP OF THE 2ND
Albuquerque Isotopes batting - Pitching for Santa Monica Bruins : LHP Cobus Human
Batting: LHB Juan Carlos Sánchez 0-0: Ball
1-0: Ball
2-0: SINGLE (Groundball, 6M)
Batting: LHB Manny Mejía 0-0: Called Strike
0-1: Ball
1-1: Fly out, F9 (Flyball, 9M)
Batting: RHB Adrian Prouse 0-0: Ball
1-0: Called Strike
1-1: Fly out, F4 (Popup, 4)
Batting: RHB Luis Martínez 0-0: Called Strike
0-1: 2-RUN HOME RUN (Flyball, 7D), Distance : 348 ft
Batting: RHB Adrián García 0-0: Foul Ball, location: 2F
0-1: Foul Ball, location: 2F
0-2: Strikes out swinging
Top of the 2nd over - 2 run(s), 2 hit(s), 0 error(s), 0 left on base; Albuquerque 2 - Santa Monica 0
BOTTOM OF THE 2ND
Santa Monica Bruins batting - Pitching for Albuquerque Isotopes : LHP Cris Quezada
Batting: RHB Danny Crouch 0-0: Called Strike
0-1: Foul Ball, location: 2F
0-2: Foul Ball, location: 2F
0-2: Ground out 6-3 (Groundball, 6)
Batting: RHB Mario Martínez 0-0: Ball
1-0: Called Strike
1-1: Ball
2-1: Ball
3-1: Base on Balls
Batting: LHB Matsusuke Yamasaki 0-0: Ball
1-0: Called Strike
1-1: Ball
2-1: Called Strike
2-2: Ball
3-2: Foul Ball, location: 2F
3-2: SINGLE (Flyball, 8RM)
Mario Martínez to second
Mario Martínez to third
Batting: RHB Salvador Salas 0-0: Ball
1-0: Called Strike
1-1: Ball
2-1: Ball
3-1: Foul Ball, location: 2F
3-2: SINGLE (Line Drive, 89M)
Mario Martínez scores
Matsusuke Yamasaki to second
Matsusuke Yamasaki to third
Batting: RHB Grant Jenkins 0-0: Called Strike
0-1: Ball
1-1: Swinging Strike
1-2: Ball
2-2: 3-RUN HOME RUN (Line Drive, 7D), Distance : 359 ft
Batting: RHB Iván De Jesús 0-0: Called Strike
0-1: Swinging Strike
0-2: Ball
1-2: Fly out, F5 (Line Drive, 56S)
Batting: RHB Javier Deleón 0-0: Ball
1-0: Ball
2-0: DOUBLE (Groundball, 5L)
Batting: LHB Patrick Osborne 0-0: Ball
1-0: Swinging Strike
1-1: Ball
2-1: Ball
3-1: Base on Balls
Batting: RHB Motoshige Yagi 0-0: Ball
1-0: Ball
2-0: Ball
3-0: Fly out, F3 (Popup, 3F)
Bottom of the 2nd over - 4 run(s), 4 hit(s), 0 error(s), 2 left on base; Albuquerque 2 - Santa Monica 4
TOP OF THE 3RD
Albuquerque Isotopes batting - Pitching for Santa Monica Bruins : LHP Cobus Human
Batting: RHB Jesús Cabral 0-0: Called Strike
0-1: Swinging Strike
0-2: Ball
1-2: DOUBLE (Line Drive, 89XD)
Batting: SHB José Sosa 0-0: Ball
1-0: Ball
2-0: Called Strike
2-1: Foul Ball, location: 2F
2-2: Ball
3-2: Base on Balls
Batting: RHB Chris Terry 0-0: Ball
1-0: Ball
2-0: Ball
3-0: Base on Balls
Jesús Cabral to third
José Sosa to second
Batting: RHB Edward Young 0-0: Ball
1-0: Ball
2-0: Foul Ball, location: 2F
2-1: Ball
3-1: Called Strike
3-2: Fly out, F7 (Flyball, 78XD)
Runner from 3rd tags up, SCORES, no throw
Batting: LHB Juan Carlos Sánchez 0-0: Called Strike
0-1: Foul Ball, location: 2F
0-2: Strikes out swinging
Batting: LHB Manny Mejía 0-0: Foul Ball, location: 2F
0-1: Foul Ball, location: 2F
0-2: Ball
1-2: Ball
2-2: SINGLE (Popup, 4MD)
José Sosa to third
Chris Terry to second
Runner from 3rd tries for Home, SAFE, no throw or cutoff
Batting: RHB Adrian Prouse 0-0: Ball
1-0: Ball
2-0: Ball
3-0: Swinging Strike
3-1: Foul Ball, location: 2F
3-2: Base on Balls
Chris Terry to third
Manny Mejía to second
Batting: RHB Luis Martínez 0-0: Ball
1-0: Ball
2-0: Called Strike
2-1: Ball
3-1: Base on Balls
Chris Terry scores
Manny Mejía to third
Adrian Prouse to second
Batting: RHB Adrián García 0-0: Ball
1-0: Called Strike
1-1: Reached on error, E4 (Groundball, 4)
Manny Mejía scores
Adrian Prouse to third
Luis Martínez to second
Batting: RHB Jesús Cabral 0-0: Swinging Strike
0-1: Ball
1-1: Called Strike
1-2: Foul Ball, location: 2F
1-2: Strikes out swinging
Top of the 3rd over - 4 run(s), 2 hit(s), 1 error(s), 3 left on base; Albuquerque 6 - Santa Monica 4
BOTTOM OF THE 3RD
Santa Monica Bruins batting - Pitching for Albuquerque Isotopes : LHP Cris Quezada
Batting: RHB Danny Crouch 0-0: Called Strike
0-1: SINGLE (Line Drive, 6MD)
Batting: RHB Mario Martínez 0-0: Foul Ball, location: 2F
0-1: Ball
1-1: Foul Ball, location: 2F
1-2: SINGLE (Line Drive, 8LS)
Danny Crouch to second
Batting: LHB Matsusuke Yamasaki 0-0: Called Strike
0-1: Ball
1-1: Ball
2-1: Ball
3-1: SINGLE (Line Drive, 6MD)
Danny Crouch to third
Mario Martínez to second
Pitching: RHP Jay Lloyd
Batting: RHB Salvador Salas 0-0: Ball
1-0: SINGLE (Line Drive, 8LS)
Danny Crouch scores
Mario Martínez to third
Matsusuke Yamasaki to second
Runner from 3rd tries for Home, SAFE, no throw or cutoff
Batting: RHB Grant Jenkins 0-0: Called Strike
0-1: Foul Ball, location: 2F
0-2: Strikes out looking
Batting: RHB Iván De Jesús 0-0: SINGLE (Groundball, 56D)
Matsusuke Yamasaki to third
Salvador Salas to second
Batting: RHB Javier Deleón 0-0: Swinging Strike
0-1: Ball
1-1: Swinging Strike
1-2: Ball
2-2: Foul Ball, location: 2F
2-2: Ball
3-2: Foul Ball, location: 2F
3-2: Fly out, F7 (Flyball, 7D)
Runner from 3rd tags up, SCORES, no throw
Batting: LHB Patrick Osborne 0-0: Ball
1-0: Ball
2-0: Called Strike
2-1: Fly out, F6 (Popup, 6MD)
Bottom of the 3rd over - 3 run(s), 5 hit(s), 0 error(s), 2 left on base; Albuquerque 6 - Santa Monica 7
TOP OF THE 4TH
Albuquerque Isotopes batting - Pitching for Santa Monica Bruins : LHP Cobus Human
Pitching: RHP Pablo Montés
Batting: SHB José Sosa 0-0: Ball
1-0: Ball
2-0: Ground out U3 (Groundball, 3L)
Batting: RHB Chris Terry 0-0: Foul Ball, location: 2F
0-1: Ball
1-1: Swinging Strike
1-2: SINGLE (Groundball, 56)
Batting: RHB Edward Young 0-0: Ball
1-0: Foul Ball, location: 2F
1-1: Called Strike
1-2: Reached on error, E5 (Groundball, 5)
Chris Terry to second
Batting: LHB Juan Carlos Sánchez 0-0: Ball
1-0: Ball
Chris Terry is caught stealing 3rd base
Edward Young to second
2-0: Swinging Strike
2-1: SINGLE (Line Drive, 9S)
Edward Young to third
Runner from 3rd tries for Home, SAFE, no throw or cutoff
Batting: LHB Manny Mejía 0-0: Called Strike
0-1: Ball
1-1: Fly out, F9 (Line Drive, 89S)
Top of the 4th over - 1 run(s), 2 hit(s), 1 error(s), 1 left on base; Albuquerque 7 - Santa Monica 7
BOTTOM OF THE 4TH
Santa Monica Bruins batting - Pitching for Albuquerque Isotopes : RHP Jay Lloyd
Batting: RHB Motoshige Yagi 0-0: Swinging Strike
0-1: Ball
1-1: Ball
2-1: Swinging Strike
2-2: Fly out, F8 (Flyball, 8RD)
Batting: RHB Danny Crouch 0-0: Ground out 6-3 (Groundball, 6M)
Batting: RHB Mario Martínez 0-0: Ball
1-0: Ball
2-0: Fly out, F9 (Flyball, 89D)
Bottom of the 4th over - 0 run(s), 0 hit(s), 0 error(s), 0 left on base; Albuquerque 7 - Santa Monica 7
TOP OF THE 5TH
Albuquerque Isotopes batting - Pitching for Santa Monica Bruins : RHP Pablo Montés
Batting: RHB Adrian Prouse 0-0: Called Strike
0-1: Ball
1-1: Ball
2-1: Ball
3-1: Swinging Strike
3-2: Foul Ball, location: 2F
3-2: Ground out 4-3 (Groundball, 4M)
Batting: RHB Luis Martínez 0-0: Called Strike
0-1: Ground out 6-3 (Groundball, 6M)
Batting: RHB Adrián García 0-0: Ball
1-0: Ball
2-0: Foul Ball, location: 2F
2-1: Swinging Strike
2-2: Ball
3-2: Base on Balls
Batting: RHB Jesús Cabral 0-0: Foul Ball, location: 2F
0-1: Ball
1-1: Foul Ball, location: 2F
1-2: Fly out, F9 (Flyball, 89S)
Top of the 5th over - 0 run(s), 0 hit(s), 0 error(s), 1 left on base; Albuquerque 7 - Santa Monica 7
BOTTOM OF THE 5TH
Santa Monica Bruins batting - Pitching for Albuquerque Isotopes : RHP Jay Lloyd
Batting: LHB Matsusuke Yamasaki 0-0: Ball
1-0: Ball
2-0: Ball
3-0: Foul Ball, location: 2F
3-1: Base on Balls
Batting: RHB Salvador Salas 0-0: Ball
1-0: Called Strike
1-1: Called Strike
1-2: Fly out, F9 (Flyball, 89S)
Batting: RHB Grant Jenkins 0-0: Called Strike
0-1: Called Strike
0-2: Ball
1-2: Reached on error, E6 (Groundball, 6)
Matsusuke Yamasaki to second
Pitching: RHP Manny Muńóz
Batting: RHB Iván De Jesús 0-0: Called Strike
Matsusuke Yamasaki steals 3rd base
Grant Jenkins to second
0-1: Ball
1-1: Foul Ball, location: 2F
1-2: Foul Ball, location: 2F
1-2: Strikes out swinging
Batting: RHB Javier Deleón 0-0: Ball
1-0: Fly out, F5 (Popup, 5F)
Bottom of the 5th over - 0 run(s), 0 hit(s), 1 error(s), 2 left on base; Albuquerque 7 - Santa Monica 7
TOP OF THE 6TH
Albuquerque Isotopes batting - Pitching for Santa Monica Bruins : RHP Pablo Montés
Batting: SHB José Sosa 0-0: Fly out, F7 (Flyball, 78D)
Batting: RHB Chris Terry 0-0: Called Strike
0-1: SINGLE (Flyball, 78S)
Batting: RHB Edward Young 0-0: Ball
1-0: Called Strike
1-1: Ball
2-1: Ball
3-1: Foul Ball, location: 2F
3-2: Foul Ball, location: 2F
3-2: Foul Ball, location: 2F
3-2: Ground out 5-3 (Groundball, 5S)
Chris Terry to second
Batting: LHB Juan Carlos Sánchez 0-0: SINGLE (Groundball, 4M)
Chris Terry to third
Runner from 3rd tries for Home, SAFE, no throw or cutoff
Batting: LHB Manny Mejía 0-0: Ball
1-0: SINGLE (Line Drive, 8LS)
Juan Carlos Sánchez to second
Pitching: LHP Fernando Reyes
Batting: RHB Adrian Prouse 0-0: Called Strike
0-1: Ball
1-1: Ball
2-1: Called Strike
2-2: Strikes out looking
Top of the 6th over - 1 run(s), 3 hit(s), 0 error(s), 2 left on base; Albuquerque 8 - Santa Monica 7
BOTTOM OF THE 6TH
Santa Monica Bruins batting - Pitching for Albuquerque Isotopes : RHP Manny Muńóz
Batting: LHB Patrick Osborne 0-0: Ball
1-0: Swinging Strike
1-1: Ball
2-1: Ball
3-1: DOUBLE (Line Drive, 7LM)
Batting: RHB Motoshige Yagi 0-0: Ball
1-0: Ball
2-0: Ball
3-0: Called Strike
3-1: Called Strike
3-2: Foul Ball, location: 2F
3-2: Strikes out looking
Batting: RHB Danny Crouch 0-0: Called Strike
0-1: Foul Ball, location: 2F
0-2: Ball
Passed Ball!
Patrick Osborne to third
1-2: SINGLE (Line Drive, 89S)
Patrick Osborne scores
Batting: RHB Mario Martínez 0-0: Ball
1-0: Ball
2-0: Foul Ball, location: 2F
2-1: Called Strike
2-2: Strikes out looking
Batting: LHB Matsusuke Yamasaki 0-0: Ball
1-0: Ball
2-0: Called Strike
2-1: Ball
3-1: Base on Balls
Danny Crouch to second
Batting: RHB Salvador Salas 0-0: Ball
1-0: Called Strike
1-1: Called Strike
1-2: Ball
2-2: SINGLE (Line Drive, 8LS)
Danny Crouch to third
Matsusuke Yamasaki to second
Runner from 3rd tries for Home, SAFE, no throw or cutoff
Batting: RHB Grant Jenkins 0-0: Foul Ball, location: 2F
0-1: Ball
1-1: Ball
2-1: Foul Ball, location: 2F
2-2: Strikes out swinging
Bottom of the 6th over - 2 run(s), 3 hit(s), 0 error(s), 2 left on base; Albuquerque 8 - Santa Monica 9
TOP OF THE 7TH
Albuquerque Isotopes batting - Pitching for Santa Monica Bruins : LHP Fernando Reyes
Batting: RHB Luis Martínez 0-0: Foul Ball, location: 2F
0-1: Ball
1-1: Foul Ball, location: 2F
1-2: Fly out, F7 (Line Drive, 78S)
Batting: RHB Adrián García 0-0: Called Strike
0-1: Ball
1-1: Ground out 2-3 (Groundball, 23)
Batting: RHB Jesús Cabral 0-0: Ball
1-0: Called Strike
1-1: Ball
2-1: Ball
3-1: Foul Ball, location: 2F
3-2: SINGLE (Groundball, 6D)
Pinch Hitting: RHB Roberto Cardona 0-0: Foul Ball, location: 2F
0-1: Called Strike
Pickoff Throw by Catcher to First - Error! E2
Jesús Cabral to second
0-2: Ball
1-2: Fly out, F9 (Flyball, 9LM)
Top of the 7th over - 0 run(s), 1 hit(s), 1 error(s), 1 left on base; Albuquerque 8 - Santa Monica 9
BOTTOM OF THE 7TH
Santa Monica Bruins batting - Pitching for Albuquerque Isotopes : RHP Manny Muńóz
Pitching: LHP Dave Rice
Now at SS: Allen Parson
Batting: RHB Iván De Jesús 0-0: Ground out 6-3 (Groundball, 56)
Batting: RHB Javier Deleón 0-0: Ball
1-0: Foul Ball, location: 2F
1-1: Swinging Strike
1-2: Foul Ball, location: 2F
1-2: Foul Ball, location: 2F
1-2: Foul Ball, location: 2F
1-2: Ball
2-2: Ground out 6-3 (Groundball, 6M)
Batting: LHB Patrick Osborne 0-0: Foul Ball, location: 2F
0-1: Called Strike
0-2: Strikes out swinging
Bottom of the 7th over - 0 run(s), 0 hit(s), 0 error(s), 0 left on base; Albuquerque 8 - Santa Monica 9
TOP OF THE 8TH
Albuquerque Isotopes batting - Pitching for Santa Monica Bruins : LHP Fernando Reyes
Pitching: RHP Manuel López
Now at 1B: Bill Savage
Batting: RHB Chris Terry 0-0: Ball
1-0: Called Strike
1-1: Ball
2-1: Fly out, F8 (Flyball, 8RM)
Batting: RHB Edward Young 0-0: Called Strike
0-1: Ball
1-1: Ground out 3-1 (Groundball, 34)
Pitching: RHP Ron Henningar
Batting: LHB Juan Carlos Sánchez 0-0: Called Strike
0-1: Swinging Strike
0-2: Ball
1-2: Ground out 3-1 (Groundball, 34S)
Top of the 8th over - 0 run(s), 0 hit(s), 0 error(s), 0 left on base; Albuquerque 8 - Santa Monica 9
BOTTOM OF THE 8TH
Santa Monica Bruins batting - Pitching for Albuquerque Isotopes : LHP Dave Rice
Batting: RHB Motoshige Yagi 0-0: Ball
1-0: Ball
2-0: Foul Ball, location: 2F
2-1: SINGLE (Groundball, 4MD)
Pinch Runner at 1st Ryan Cates:
Batting: RHB Danny Crouch Pickoff Throw to First - Error! E1
Ryan Cates to second
0-0: Ball
1-0: SINGLE (Line Drive, 6MD)
Ryan Cates to third
Runner from 3rd tries for Home, SAFE, no throw or cutoff
Batting: RHB Mario Martínez 0-0: Bunted foul
0-1: Ball
1-1: Ball
2-1: Sac Bunt - play at first, batter OUT! 3-4
Danny Crouch to second
Batting: LHB Matsusuke Yamasaki 0-0: Ball
1-0: Ball
2-0: SINGLE (Line Drive, 9S)
Danny Crouch to third
Throwing error, E9
Danny Crouch scores
Matsusuke Yamasaki to second
Batting: RHB Salvador Salas 0-0: Intentional Walk
Pitching: RHP Arthur Smith
Batting: RHB Grant Jenkins 0-0: Swinging Strike
0-1: Grounds into double play, 6-4-3 (Groundball, 6)
Bottom of the 8th over - 2 run(s), 3 hit(s), 2 error(s), 1 left on base; Albuquerque 8 - Santa Monica 11
TOP OF THE 9TH
Albuquerque Isotopes batting - Pitching for Santa Monica Bruins : RHP Ron Henningar
Pitching: RHP José Betancourt
Now at 2B: Kuniaki Kawashima
Now in CF: Beco Lombo
Batting: LHB Manny Mejía 0-0: SINGLE (Line Drive, 8RS)
Batting: RHB Adrian Prouse 0-0: Called Strike
0-1: Called Strike
0-2: Strikes out swinging
Batting: RHB Luis Martínez 0-0: Ball
1-0: Ball
2-0: Called Strike
2-1: Swinging Strike
2-2: Strikes out looking
Batting: RHB Adrián García 0-0: Ball
1-0: Ball
2-0: Called Strike
2-1: Foul Ball, location: 2F
2-2: Strikes out swinging
Top of the 9th over - 0 run(s), 1 hit(s), 0 error(s), 1 left on base; Albuquerque 8 - Santa Monica 11
This league is powered by Out of the Park Baseball, the baseball management simulation game for PC, Mac and Linux
Wednesday, December 2nd, 2015 - OOTP Baseball 16.8 Build 38